[ AOE2 MATCH · #461142786 ]
Team RMCumans vs Saracens
[ REPLAY ANALYSIS · EXTRACTED FROM THE RECORDED GAME ]
Feudal
11:50
Castle
—
Imperial
—
| APM avg | 18.7 |
| APM peak | 46 |
| eAPM avg | 11.0 |
| Villagers / military | 70 / 3 |
Focus
⚔️ 8.5% · 🌾 91.5%
Archer ×3
Feudal
17:19
Castle
—
Imperial
—
| APM avg | 7.8 |
| APM peak | 25 |
| eAPM avg | 5.4 |
| Villagers / military | 33 / 0 |
Focus
⚔️ 7.8% · 🌾 92.2%
Feudal
13:50
Castle
22:14
Imperial
—
| APM avg | 7.3 |
| APM peak | 24 |
| eAPM avg | 6.3 |
| Villagers / military | 37 / 3 |
Focus
⚔️ 13.3% · 🌾 86.7%
Spearman ×3
Feudal
9:15
Castle
—
Imperial
—
| APM avg | 16.5 |
| APM peak | 27 |
| eAPM avg | 9.9 |
| Villagers / military | 49 / 23 |
Focus
⚔️ 22.1% · 🌾 77.9%
Archer ×23
Feudal
12:23
Castle
—
Imperial
—
| APM avg | 7.9 |
| APM peak | 30 |
| eAPM avg | 6.8 |
| Villagers / military | 41 / 0 |
Focus
⚔️ 10.3% · 🌾 89.7%
Feudal
13:24
Castle
19:32
Imperial
—
| APM avg | 14.4 |
| APM peak | 41 |
| eAPM avg | 9.0 |
| Villagers / military | 40 / 1 |
Focus
⚔️ 23.1% · 🌾 76.9%
Battle Elephant ×1
Feudal
15:37
Castle
—
Imperial
—
| APM avg | 7.5 |
| APM peak | 24 |
| eAPM avg | 5.2 |
| Villagers / military | 35 / 8 |
Focus
⚔️ 9.9% · 🌾 90.1%
Skirmisher ×8
Feudal
11:04
Castle
—
Imperial
—
| APM avg | 24.2 |
| APM peak | 115 |
| eAPM avg | 16.2 |
| Villagers / military | 47 / 23 |
Focus
⚔️ 10.4% · 🌾 89.6%
Archer ×8 · Skirmisher ×6 · Spearman ×5 · Militia ×4
Match map
Resources at game start + every placement click. Thick line = wall · dashed box = detected house wall. 🟡 gold · ⚪ stone · 🟢 berries · 🔶 boar · ⭕ relic
Inputs per minute
— Patheris - - Kibng
Build order — Patheris
123 actions detected in the replay
| 0:05 | Build | House |
| 0:09 | Create | Villager (Male) |
| 0:09 | Create | Villager (Male) |
| 0:24 | Create | Villager (Male) |
| 0:24 | Create | Villager (Male) |
| 0:40 | Build | House |
| 0:47 | Research | Loom |
| 1:48 | Create | Villager (Male) |
| 1:49 | Create | Villager (Male) |
| 1:54 | Build | Lumber Camp |
| 2:15 | Create | Villager (Male) |
| 2:15 | Create | Villager (Male) |
| 2:38 | Create | Villager (Male) |
| 2:38 | Create | Villager (Male) |
| 3:10 | Create | Villager (Male) |
| 3:10 | Create | Villager (Male) |
| 3:17 | Build | House |
| 3:43 | Create | Villager (Male) |
| 3:43 | Create | Villager (Male) |
| 4:19 | Build | Mill |
| 4:22 | Create | Villager (Male) |
| 4:22 | Create | Villager (Male) |
| 4:44 | Create | Villager (Male) |
| 5:26 | Create | Villager (Male) |
| 5:27 | Create | Villager (Male) |
| 5:47 | Create | Villager (Male) |
| 5:47 | Create | Villager (Male) |
| 6:06 | Create | Villager (Male) |
| 6:07 | Create | Villager (Male) |
| 6:13 | Build | House |
| 6:47 | Create | Villager (Male) |
| 7:20 | Create | Villager (Male) |
| 7:48 | Build | Mining Camp |
| 7:51 | Create | Villager (Male) |
| 7:52 | Create | Villager (Male) |
| 8:03 | Build | Farm |
| 8:16 | Build | Lumber Camp |
| 8:28 | Build | Farm |
| 9:03 | Create | Villager (Male) |
| 9:03 | Create | Villager (Male) |
| 9:32 | Build | House |
| 9:40 | Research | Feudal Age |
| 10:56 | Create | Villager (Male) |
| 10:57 | Create | Villager (Male) |
| 11:05 | Build | Farm |
| 11:07 | Build | Farm |
| 11:10 | Build | Farm |
| 11:14 | Build | Farm |
| 11:16 | Build | Farm |
| 11:21 | Build | Farm |
| 11:48 | Create | Villager (Male) |
| 11:48 | Create | Villager (Male) |
| 11:50 | Age | Feudal Age |
| 12:40 | Build | Town Center |
| 12:49 | Research | Double-Bit Axe |
| 13:07 | Build | House |
| 13:08 | Build | House |
| 13:16 | Create | Villager (Male) |
| 13:17 | Create | Villager (Male) |
| 13:45 | Create | Villager (Male) |
| 13:45 | Create | Villager (Male) |
| 14:04 | Build | Farm |
| 14:10 | Build | Farm |
| 14:12 | Build | Farm |
| 14:17 | Build | Farm |
| 14:31 | Create | Villager (Male) |
| 14:34 | Create | Villager (Male) |
| 14:37 | Build | Farm |
| 14:55 | Build | Farm |
| 14:59 | Create | Villager (Male) |
| 15:19 | Build | Farm |
| 15:39 | Create | Villager (Male) |
| 15:40 | Create | Villager (Male) |
| 15:53 | Build | Blacksmith |
| 16:01 | Create | Villager (Male) |
| 16:01 | Create | Villager (Male) |
| 16:01 | Create | Villager (Male) |
| 16:01 | Create | Villager (Male) |
| 16:07 | Create | Villager (Male) |
| 16:07 | Create | Villager (Male) |
| 16:19 | Create | Villager (Male) |
| 16:20 | Create | Villager (Male) |
| 16:30 | Build | Farm |
| 16:53 | Create | Villager (Male) |
| 16:53 | Create | Villager (Male) |
| 16:57 | Build | Farm |
| 17:00 | Build | Farm |
| 17:06 | Build | Farm |
| 17:07 | Build | Farm |
| 17:20 | Create | Villager (Male) |
| 17:24 | Create | Villager (Male) |
| 17:24 | Create | Villager (Male) |
| 17:31 | Build | Barracks |
| 18:07 | Research | Wheelbarrow |
| 18:15 | Build | House |
| 18:15 | Build | House |
| 18:17 | Build | House |
| 18:23 | Research | Town Watch |
| 18:25 | Create | Villager (Male) |
| 18:25 | Create | Villager (Male) |
| 18:38 | Build | Archery Range |
| 18:42 | Create | Villager (Male) |
| 18:42 | Create | Villager (Male) |
| 18:54 | Create | Villager (Male) |
| 18:54 | Create | Villager (Male) |
| 19:00 | Create | Villager (Male) |
| 19:00 | Create | Villager (Male) |
| 19:10 | Build | Farm |
| 19:14 | Research | Horse Collar |
| 19:37 | Create | Archer |
| 19:37 | Create | Archer |
| 19:53 | Build | Stable |
| 19:57 | Research | Castle Age |
| 19:59 | Create | Villager (Male) |
| 19:59 | Create | Villager (Male) |
| 20:06 | Build | Farm |
| 20:10 | Create | Villager (Male) |
| 20:13 | Create | Villager (Male) |
| 20:13 | Create | Villager (Male) |
| 20:36 | Create | Archer |
| 21:18 | Build | Stable |
| 22:08 | Create | Villager (Male) |
| 22:08 | Create | Villager (Male) |
Build order — Kibng
67 actions detected in the replay
| 0:03 | Create | Villager (Male) |
| 0:03 | Create | Villager (Male) |
| 0:03 | Create | Villager (Male) |
| 0:06 | Build | House |
| 0:10 | Build | House |
| 0:50 | Create | Villager (Male) |
| 2:30 | Build | Lumber Camp |
| 2:45 | Create | Villager (Male) |
| 3:26 | Create | Villager (Male) |
| 3:27 | Create | Villager (Male) |
| 3:27 | Create | Villager (Male) |
| 4:49 | Create | Villager (Male) |
| 4:50 | Create | Villager (Male) |
| 4:50 | Create | Villager (Male) |
| 6:39 | Create | Villager (Male) |
| 6:39 | Create | Villager (Male) |
| 6:39 | Create | Villager (Male) |
| 6:40 | Create | Villager (Male) |
| 6:49 | Build | House |
| 6:53 | Build | House |
| 8:58 | Build | Mill |
| 9:18 | Create | Villager (Male) |
| 9:18 | Create | Villager (Male) |
| 9:19 | Create | Villager (Male) |
| 9:19 | Create | Villager (Male) |
| 9:20 | Create | Villager (Male) |
| 9:24 | Create | Villager (Male) |
| 9:47 | Create | Villager (Male) |
| 9:48 | Create | Villager (Male) |
| 11:59 | Build | Farm |
| 12:01 | Build | Farm |
| 12:02 | Build | Farm |
| 12:03 | Build | Farm |
| 12:04 | Build | Farm |
| 12:42 | Build | Barracks |
| 12:55 | Build | House |
| 12:59 | Build | House |
| 13:04 | Build | House |
| 13:09 | Build | House |
| 13:31 | Build | Farm |
| 13:32 | Build | Farm |
| 13:34 | Build | Farm |
| 13:53 | Build | Mining Camp |
| 14:35 | Build | Mining Camp |
| 14:44 | Create | Villager (Male) |
| 14:48 | Research | Feudal Age |
| 15:44 | Build | Mining Camp |
| 16:08 | Build | House |
| 17:00 | Build | House |
| 17:19 | Age | Feudal Age |
| 18:02 | Build | Market |
| 18:18 | Build | Blacksmith |
| 18:56 | Create | Villager (Male) |
| 18:56 | Create | Villager (Male) |
| 18:57 | Create | Villager (Male) |
| 18:57 | Create | Villager (Male) |
| 18:57 | Create | Villager (Male) |
| 18:58 | Create | Villager (Male) |
| 18:58 | Create | Villager (Male) |
| 18:58 | Create | Villager (Male) |
| 18:59 | Create | Villager (Male) |
| 19:26 | Research | Double-Bit Axe |
| 19:42 | Research | Horse Collar |
| 20:22 | Research | Castle Age |
| 20:44 | Research | Gold Mining |
| 20:52 | Research | Stone Mining |
| 22:03 | Build | Mill |
Build order — Gelor91
88 actions detected in the replay
| 0:05 | Create | Villager (Male) |
| 0:05 | Create | Villager (Male) |
| 0:06 | Create | Villager (Male) |
| 0:06 | Create | Villager (Male) |
| 0:06 | Create | Villager (Male) |
| 0:07 | Research | Loom |
| 0:14 | Build | House |
| 0:15 | Build | House |
| 0:16 | Build | House |
| 0:18 | Build | House |
| 2:31 | Build | Lumber Camp |
| 2:42 | Create | Villager (Male) |
| 2:43 | Create | Villager (Male) |
| 2:44 | Create | Villager (Male) |
| 3:31 | Create | Villager (Male) |
| 4:03 | Create | Villager (Male) |
| 4:03 | Create | Villager (Male) |
| 4:41 | Create | Villager (Male) |
| 4:42 | Create | Villager (Male) |
| 5:51 | Create | Villager (Male) |
| 5:52 | Create | Villager (Male) |
| 5:52 | Create | Villager (Male) |
| 6:26 | Build | Mill |
| 7:09 | Create | Villager (Male) |
| 7:10 | Create | Villager (Male) |
| 7:29 | Build | Mining Camp |
| 7:59 | Build | Mining Camp |
| 8:15 | Create | Villager (Male) |
| 8:15 | Create | Villager (Male) |
| 8:16 | Create | Villager (Male) |
| 9:34 | Build | House |
| 9:36 | Build | House |
| 9:38 | Build | House |
| 9:44 | Create | Villager (Male) |
| 10:37 | Build | Farm |
| 10:40 | Build | Farm |
| 11:32 | Build | Barracks |
| 11:40 | Research | Feudal Age |
| 11:52 | Research | Double-Bit Axe |
| 12:40 | Research | Horse Collar |
| 12:47 | Research | Stone Mining |
| 12:58 | Create | Villager (Male) |
| 13:16 | Research | Gold Mining |
| 13:50 | Age | Feudal Age |
| 13:53 | Create | Villager (Male) |
| 13:53 | Create | Villager (Male) |
| 14:23 | Build | Market |
| 14:27 | Create | Villager (Male) |
| 14:27 | Create | Villager (Male) |
| 14:50 | Build | Farm |
| 14:57 | Create | Villager (Male) |
| 15:05 | Build | Farm |
| 15:35 | Create | Villager (Male) |
| 15:59 | Build | Blacksmith |
| 16:12 | Build | Farm |
| 16:24 | Build | Farm |
| 16:30 | Build | Farm |
| 16:32 | Create | Villager (Male) |
| 16:33 | Create | Villager (Male) |
| 16:52 | Build | Farm |
| 16:58 | Build | Farm |
| 17:01 | Build | Farm |
| 17:03 | Build | Farm |
| 17:09 | Build | Farm |
| 17:11 | Build | Farm |
| 17:45 | Build | Archery Range |
| 17:50 | Build | Stable |
| 18:06 | Build | House |
| 18:07 | Build | House |
| 19:35 | Research | Castle Age |
| 19:48 | Build | Farm |
| 20:06 | Research | Man-at-Arms (upgrade) |
| 20:15 | Build | Barracks |
| 21:11 | Create | Spearman |
| 21:11 | Create | Spearman |
| 21:12 | Create | Spearman |
| 21:27 | Build | Mining Camp |
| 21:35 | Research | Scale Mail Armor |
| 21:39 | Create | Villager (Male) |
| 21:39 | Create | Villager (Male) |
| 21:44 | Research | Heavy Plow |
| 21:47 | Research | Bow Saw |
| 22:14 | Age | Castle Age |
| 22:34 | Build | Castle |
| 22:42 | Create | Villager (Male) |
| 22:42 | Create | Villager (Male) |
| 22:42 | Create | Villager (Male) |
| 22:43 | Create | Villager (Male) |
Build order — danielsuhre
113 actions detected in the replay
| 0:15 | Create | Villager (Male) |
| 0:16 | Create | Villager (Male) |
| 0:16 | Create | Villager (Male) |
| 0:16 | Create | Villager (Male) |
| 0:16 | Create | Villager (Male) |
| 0:17 | Build | House |
| 0:19 | Build | House |
| 1:43 | Create | Villager (Male) |
| 1:44 | Create | Villager (Male) |
| 2:19 | Build | Lumber Camp |
| 2:30 | Create | Villager (Male) |
| 2:30 | Create | Villager (Male) |
| 2:48 | Create | Villager (Male) |
| 2:48 | Create | Villager (Male) |
| 3:10 | Create | Villager (Male) |
| 3:10 | Create | Villager (Male) |
| 3:29 | Create | Villager (Male) |
| 3:29 | Create | Villager (Male) |
| 3:37 | Build | House |
| 4:02 | Create | Villager (Male) |
| 4:02 | Create | Villager (Male) |
| 4:03 | Create | Villager (Male) |
| 4:35 | Create | Villager (Male) |
| 4:36 | Create | Villager (Male) |
| 5:28 | Build | Mill |
| 5:41 | Create | Villager (Male) |
| 5:41 | Create | Villager (Male) |
| 6:11 | Research | Loom |
| 7:05 | Research | Feudal Age |
| 7:16 | Build | Mining Camp |
| 7:31 | Build | Mining Camp |
| 7:33 | Create | Villager (Male) |
| 8:11 | Create | Villager (Male) |
| 8:12 | Create | Villager (Male) |
| 8:12 | Create | Villager (Male) |
| 8:25 | Build | House |
| 8:46 | Build | Barracks |
| 9:15 | Age | Feudal Age |
| 9:29 | Research | Double-Bit Axe |
| 9:57 | Build | Archery Range |
| 10:17 | Build | House |
| 10:22 | Create | Villager (Male) |
| 10:30 | Build | Farm |
| 10:37 | Build | Farm |
| 10:46 | Create | Villager (Male) |
| 10:46 | Create | Villager (Male) |
| 10:53 | Create | Archer |
| 10:54 | Create | Archer |
| 11:13 | Create | Villager (Male) |
| 11:27 | Build | House |
| 11:34 | Create | Villager (Male) |
| 11:38 | Create | Archer |
| 11:39 | Create | Archer |
| 11:53 | Create | Villager (Male) |
| 11:54 | Create | Villager (Male) |
| 12:10 | Build | Farm |
| 12:21 | Create | Archer |
| 12:30 | Build | Blacksmith |
| 12:40 | Create | Archer |
| 12:40 | Create | Archer |
| 12:56 | Create | Archer |
| 12:56 | Create | Archer |
| 13:11 | Build | Farm |
| 13:17 | Create | Villager (Male) |
| 13:17 | Create | Villager (Male) |
| 13:19 | Create | Archer |
| 13:32 | Research | Fletching |
| 13:47 | Build | Farm |
| 14:01 | Create | Archer |
| 14:11 | Build | House |
| 14:20 | Create | Villager (Male) |
| 14:24 | Build | Farm |
| 14:30 | Build | Farm |
| 14:36 | Create | Archer |
| 14:36 | Create | Archer |
| 14:42 | Research | Padded Archer Armor |
| 14:46 | Create | Villager (Male) |
| 14:46 | Create | Villager (Male) |
| 14:49 | Create | Archer |
| 14:50 | Create | Archer |
| 15:02 | Build | Farm |
| 15:09 | Create | Archer |
| 15:09 | Create | Archer |
| 15:25 | Create | Villager (Male) |
| 15:25 | Create | Villager (Male) |
| 15:26 | Create | Villager (Male) |
| 15:32 | Build | Farm |
| 15:36 | Build | House |
| 15:56 | Build | House |
| 16:11 | Build | Lumber Camp |
| 16:34 | Build | Farm |
| 16:39 | Create | Villager (Male) |
| 16:39 | Create | Villager (Male) |
| 16:46 | Build | Farm |
| 16:57 | Create | Archer |
| 16:57 | Create | Archer |
| 17:09 | Create | Archer |
| 17:09 | Create | Archer |
| 17:21 | Build | House |
| 17:34 | Create | Archer |
| 17:35 | Create | Archer |
| 17:40 | Build | Farm |
| 17:45 | Build | House |
| 17:47 | Build | House |
| 20:52 | Research | Castle Age |
| 22:10 | Create | Villager (Male) |
| 22:10 | Create | Villager (Male) |
| 22:11 | Create | Villager (Male) |
| 22:12 | Create | Villager (Male) |
| 22:12 | Create | Villager (Male) |
| 22:13 | Create | Villager (Male) |
| 22:19 | Build | Mining Camp |
| 22:40 | Build | Stone Wall |
Build order — fernandopereiro14
82 actions detected in the replay
| 0:06 | Research | Loom |
| 1:07 | Create | Villager (Male) |
| 1:43 | Create | Villager (Male) |
| 2:00 | Create | Villager (Male) |
| 2:15 | Build | Lumber Camp |
| 2:32 | Create | Villager (Male) |
| 3:30 | Create | Villager (Male) |
| 3:30 | Create | Villager (Male) |
| 3:31 | Create | Villager (Male) |
| 4:05 | Create | Villager (Male) |
| 4:05 | Create | Villager (Male) |
| 4:14 | Build | Mill |
| 4:18 | Create | Villager (Male) |
| 4:18 | Create | Villager (Male) |
| 6:04 | Build | House |
| 6:06 | Build | House |
| 6:07 | Build | House |
| 6:26 | Create | Villager (Male) |
| 7:25 | Create | Villager (Male) |
| 7:25 | Create | Villager (Male) |
| 7:25 | Create | Villager (Male) |
| 7:27 | Create | Villager (Male) |
| 8:36 | Create | Villager (Male) |
| 9:04 | Create | Villager (Male) |
| 9:38 | Create | Villager (Male) |
| 10:13 | Research | Feudal Age |
| 10:13 | Research | Feudal Age |
| 10:16 | Create | Villager (Male) |
| 10:16 | Create | Villager (Male) |
| 10:16 | Create | Villager (Male) |
| 10:39 | Build | Lumber Camp |
| 12:20 | Create | Villager (Male) |
| 12:20 | Create | Villager (Male) |
| 12:23 | Age | Feudal Age |
| 12:27 | Build | Farm |
| 12:28 | Build | Farm |
| 12:28 | Build | Farm |
| 12:28 | Build | Farm |
| 12:29 | Build | Farm |
| 12:29 | Build | Farm |
| 12:29 | Build | Farm |
| 12:29 | Build | Farm |
| 12:30 | Build | Farm |
| 12:30 | Build | Farm |
| 12:30 | Build | Farm |
| 12:31 | Build | Farm |
| 12:34 | Create | Villager (Male) |
| 12:34 | Create | Villager (Male) |
| 12:52 | Build | Farm |
| 12:52 | Build | Farm |
| 12:52 | Build | Farm |
| 12:53 | Build | Farm |
| 12:53 | Build | Farm |
| 12:53 | Build | Farm |
| 13:10 | Build | Farm |
| 13:12 | Create | Villager (Male) |
| 13:54 | Build | Farm |
| 13:55 | Create | Villager (Male) |
| 13:55 | Create | Villager (Male) |
| 14:00 | Research | Wheelbarrow |
| 14:13 | Build | Farm |
| 14:15 | Create | Villager (Male) |
| 14:20 | Create | Villager (Male) |
| 14:48 | Research | Double-Bit Axe |
| 14:51 | Research | Horse Collar |
| 14:52 | Create | Villager (Male) |
| 16:12 | Build | House |
| 16:13 | Build | House |
| 16:14 | Build | House |
| 16:15 | Build | House |
| 16:33 | Create | Villager (Male) |
| 16:42 | Create | Villager (Male) |
| 17:35 | Build | Mill |
| 17:49 | Create | Villager (Male) |
| 17:49 | Create | Villager (Male) |
| 18:03 | Create | Villager (Male) |
| 19:14 | Create | Villager (Male) |
| 19:15 | Create | Villager (Male) |
| 19:15 | Create | Villager (Male) |
| 19:17 | Create | Villager (Male) |
| 20:53 | Build | Mining Camp |
| 21:06 | Build | Stone Wall |
Build order — msuhre
86 actions detected in the replay
| 0:04 | Build | House |
| 0:06 | Build | House |
| 0:07 | Create | Villager (Male) |
| 0:07 | Create | Villager (Male) |
| 0:07 | Create | Villager (Male) |
| 0:08 | Create | Villager (Male) |
| 0:08 | Create | Villager (Male) |
| 1:30 | Create | Villager (Male) |
| 2:24 | Create | Villager (Male) |
| 2:48 | Build | Lumber Camp |
| 2:58 | Create | Villager (Male) |
| 2:58 | Create | Villager (Male) |
| 2:59 | Create | Villager (Male) |
| 3:44 | Create | Villager (Male) |
| 3:57 | Build | House |
| 4:01 | Create | Villager (Male) |
| 4:57 | Create | Villager (Male) |
| 4:58 | Create | Villager (Male) |
| 5:15 | Create | Villager (Male) |
| 5:27 | Build | House |
| 5:44 | Build | Mill |
| 6:40 | Create | Villager (Male) |
| 6:40 | Create | Villager (Male) |
| 6:54 | Create | Villager (Male) |
| 7:24 | Create | Villager (Male) |
| 7:42 | Create | Villager (Male) |
| 7:59 | Build | Mill |
| 8:07 | Create | Villager (Male) |
| 8:50 | Create | Villager (Male) |
| 8:51 | Create | Villager (Male) |
| 8:57 | Build | House |
| 9:31 | Create | Villager (Male) |
| 10:14 | Build | Farm |
| 10:15 | Build | Farm |
| 10:23 | Build | Farm |
| 10:29 | Build | Farm |
| 10:44 | Build | Farm |
| 10:49 | Create | Villager (Male) |
| 10:51 | Research | Feudal Age |
| 11:39 | Create | Villager (Male) |
| 11:40 | Create | Villager (Male) |
| 11:41 | Create | Villager (Male) |
| 11:53 | Build | Mining Camp |
| 12:09 | Build | Farm |
| 12:10 | Build | Farm |
| 12:21 | Build | Farm |
| 12:38 | Create | Villager (Male) |
| 12:38 | Create | Villager (Male) |
| 13:00 | Build | Mining Camp |
| 13:17 | Build | House |
| 13:23 | Build | House |
| 13:24 | Age | Feudal Age |
| 13:33 | Build | Stone Wall |
| 13:39 | Build | Building 487 |
| 13:46 | Create | Villager (Male) |
| 13:48 | Research | Double-Bit Axe |
| 13:52 | Research | Horse Collar |
| 14:06 | Create | Villager (Male) |
| 15:31 | Build | Farm |
| 15:36 | Build | Farm |
| 15:58 | Build | Stable |
| 16:08 | Build | Farm |
| 16:20 | Research | Castle Age |
| 16:52 | Build | House |
| 16:53 | Build | House |
| 16:59 | Build | House |
| 17:14 | Build | Mining Camp |
| 17:21 | Research | Bloodlines |
| 17:34 | Build | House |
| 17:54 | Build | Market |
| 18:50 | Create | Villager (Male) |
| 18:53 | Create | Villager (Male) |
| 18:53 | Create | Villager (Male) |
| 18:54 | Create | Villager (Male) |
| 19:05 | Build | Farm |
| 19:11 | Build | Blacksmith |
| 19:32 | Age | Castle Age |
| 19:53 | Build | Stable |
| 20:34 | Research | Bow Saw |
| 21:01 | Research | Heavy Plow |
| 21:58 | Create | Battle Elephant |
| 22:12 | Create | Villager (Male) |
| 22:13 | Create | Villager (Male) |
| 22:13 | Create | Villager (Male) |
| 22:14 | Create | Villager (Male) |
| 22:22 | Build | Town Center |
Build order — A."Maravilla" Martinez
72 actions detected in the replay
| 0:06 | Build | House |
| 0:09 | Create | Villager (Male) |
| 0:09 | Research | Loom |
| 0:10 | Create | Villager (Male) |
| 0:10 | Create | Villager (Male) |
| 0:13 | Create | Villager (Male) |
| 0:13 | Create | Villager (Male) |
| 0:13 | Create | Villager (Male) |
| 2:13 | Create | Villager (Male) |
| 2:13 | Create | Villager (Male) |
| 2:17 | Build | House |
| 2:21 | Build | House |
| 3:30 | Create | Villager (Male) |
| 3:30 | Create | Villager (Male) |
| 4:07 | Create | Villager (Male) |
| 4:08 | Create | Villager (Male) |
| 4:33 | Create | Villager (Male) |
| 4:33 | Create | Villager (Male) |
| 5:14 | Create | Villager (Male) |
| 5:14 | Create | Villager (Male) |
| 5:15 | Create | Villager (Male) |
| 5:15 | Create | Villager (Male) |
| 5:15 | Create | Villager (Male) |
| 6:40 | Create | Villager (Male) |
| 6:40 | Create | Villager (Male) |
| 6:47 | Build | Mill |
| 6:58 | Build | House |
| 6:58 | Build | House |
| 7:47 | Create | Villager (Male) |
| 7:49 | Create | Villager (Male) |
| 7:51 | Create | Villager (Male) |
| 7:53 | Create | Villager (Male) |
| 8:23 | Create | Villager (Male) |
| 8:32 | Build | Barracks |
| 9:04 | Create | Villager (Male) |
| 9:57 | Create | Villager (Male) |
| 10:08 | Build | Lumber Camp |
| 10:43 | Create | Villager (Male) |
| 10:43 | Create | Villager (Male) |
| 11:38 | Build | House |
| 12:13 | Build | Mining Camp |
| 13:27 | Research | Feudal Age |
| 14:54 | Build | Mill |
| 15:37 | Age | Feudal Age |
| 15:46 | Research | Wheelbarrow |
| 15:47 | Create | Villager (Male) |
| 15:47 | Create | Villager (Male) |
| 15:52 | Research | Gold Mining |
| 15:56 | Research | Double-Bit Axe |
| 16:57 | Build | Archery Range |
| 17:35 | Create | Villager (Male) |
| 17:35 | Create | Villager (Male) |
| 17:35 | Create | Villager (Male) |
| 18:00 | Create | Skirmisher |
| 18:00 | Create | Skirmisher |
| 18:01 | Create | Skirmisher |
| 18:01 | Create | Skirmisher |
| 18:01 | Create | Skirmisher |
| 18:01 | Create | Skirmisher |
| 18:02 | Create | Skirmisher |
| 18:02 | Create | Skirmisher |
| 18:18 | Build | Watch Tower |
| 19:05 | Research | Town Watch |
| 19:33 | Build | House |
| 19:35 | Build | House |
| 19:44 | Build | House |
| 22:24 | Build | Farm |
| 22:26 | Build | Farm |
| 22:29 | Build | Farm |
| 22:30 | Build | Farm |
| 22:33 | Build | Farm |
| 22:37 | Build | Farm |
Build order — MoodyNabil
First 150 of 314 actions detected
| 0:07 | Build | House |
| 0:15 | Build | House |
| 0:16 | Build | House |
| 0:27 | Create | Villager (Male) |
| 0:27 | Create | Villager (Male) |
| 0:28 | Create | Villager (Male) |
| 0:28 | Create | Villager (Male) |
| 0:28 | Create | Villager (Male) |
| 0:28 | Create | Villager (Male) |
| 0:29 | Create | Villager (Male) |
| 0:30 | Research | Loom |
| 0:30 | Research | Loom |
| 0:31 | Research | Loom |
| 2:14 | Create | Villager (Male) |
| 2:14 | Create | Villager (Male) |
| 2:14 | Create | Villager (Male) |
| 3:08 | Build | Lumber Camp |
| 3:15 | Create | Villager (Male) |
| 3:16 | Create | Villager (Male) |
| 3:16 | Create | Villager (Male) |
| 3:16 | Create | Villager (Male) |
| 5:05 | Create | Villager (Male) |
| 5:05 | Create | Villager (Male) |
| 5:05 | Create | Villager (Male) |
| 5:05 | Create | Villager (Male) |
| 5:06 | Create | Villager (Male) |
| 5:06 | Create | Villager (Male) |
| 6:11 | Create | Villager (Male) |
| 6:11 | Create | Villager (Male) |
| 6:12 | Create | Villager (Male) |
| 6:12 | Create | Villager (Male) |
| 7:09 | Build | Mill |
| 7:48 | Create | Villager (Male) |
| 7:48 | Create | Villager (Male) |
| 8:54 | Research | Feudal Age |
| 9:12 | Build | Mining Camp |
| 10:38 | Build | Barracks |
| 10:54 | Build | House |
| 10:56 | Build | House |
| 11:01 | Build | House |
| 11:03 | Build | House |
| 11:04 | Age | Feudal Age |
| 11:04 | Build | House |
| 11:08 | Build | House |
| 11:26 | Research | Wheelbarrow |
| 11:27 | Create | Villager (Male) |
| 11:27 | Create | Villager (Male) |
| 11:27 | Create | Villager (Male) |
| 12:00 | Build | Stable |
| 12:50 | Build | Archery Range |
| 13:59 | Build | Market |
| 14:05 | Build | Blacksmith |
| 14:19 | Create | Villager (Male) |
| 14:20 | Create | Villager (Male) |
| 14:25 | Research | Double-Bit Axe |
| 14:28 | Create | Villager (Male) |
| 14:28 | Create | Villager (Male) |
| 15:14 | Build | Farm |
| 15:15 | Build | Farm |
| 15:15 | Build | Farm |
| 15:15 | Build | Farm |
| 15:15 | Build | Farm |
| 15:15 | Build | Farm |
| 15:16 | Build | Farm |
| 15:16 | Build | Farm |
| 15:17 | Build | Farm |
| 15:17 | Build | Farm |
| 15:21 | Build | Farm |
| 15:21 | Build | Farm |
| 15:21 | Build | Farm |
| 15:21 | Build | Farm |
| 15:22 | Build | Farm |
| 15:22 | Build | Farm |
| 15:22 | Build | Farm |
| 15:22 | Build | Farm |
| 15:23 | Build | Farm |
| 15:23 | Build | Farm |
| 15:23 | Build | Farm |
| 15:23 | Build | Farm |
| 15:24 | Build | Farm |
| 15:24 | Build | Farm |
| 15:24 | Build | Farm |
| 15:25 | Build | Farm |
| 15:25 | Build | Farm |
| 15:25 | Build | Farm |
| 15:25 | Build | Farm |
| 15:26 | Build | Farm |
| 15:26 | Build | Farm |
| 15:26 | Build | Farm |
| 15:26 | Build | Farm |
| 15:27 | Build | Farm |
| 15:27 | Build | Farm |
| 15:27 | Build | Farm |
| 15:27 | Build | Farm |
| 15:28 | Build | Farm |
| 15:28 | Build | Farm |
| 15:28 | Build | Farm |
| 15:28 | Build | Farm |
| 15:29 | Build | Farm |
| 15:29 | Build | Farm |
| 15:29 | Build | Farm |
| 15:29 | Build | Farm |
| 15:30 | Build | Farm |
| 15:30 | Build | Farm |
| 15:30 | Build | Farm |
| 15:30 | Build | Farm |
| 15:30 | Build | Farm |
| 15:31 | Build | Farm |
| 15:31 | Build | Farm |
| 15:31 | Build | Farm |
| 15:32 | Build | Farm |
| 15:32 | Build | Farm |
| 15:32 | Build | Farm |
| 15:32 | Build | Farm |
| 15:33 | Build | Farm |
| 15:33 | Build | Farm |
| 15:33 | Build | Farm |
| 15:33 | Build | Farm |
| 15:34 | Build | Farm |
| 15:34 | Build | Farm |
| 15:34 | Build | Farm |
| 15:34 | Build | Farm |
| 15:35 | Build | Farm |
| 15:35 | Build | Farm |
| 15:35 | Build | Farm |
| 15:36 | Build | Farm |
| 15:36 | Build | Farm |
| 15:36 | Build | Farm |
| 15:37 | Build | Farm |
| 15:37 | Build | Farm |
| 15:37 | Build | Farm |
| 15:37 | Build | Farm |
| 15:38 | Build | Farm |
| 15:38 | Build | Farm |
| 15:38 | Build | Farm |
| 15:38 | Build | Farm |
| 15:39 | Build | Farm |
| 15:39 | Build | Farm |
| 15:39 | Build | Farm |
| 15:40 | Build | Farm |
| 15:40 | Build | Farm |
| 15:40 | Build | Farm |
| 15:40 | Build | Farm |
| 15:41 | Build | Farm |
| 15:41 | Build | Farm |
| 15:41 | Build | Farm |
| 15:41 | Build | Farm |
| 15:42 | Build | Farm |
| 15:42 | Build | Farm |
| 15:42 | Build | Farm |
Match timeline
| 8:32 | A."Maravilla" Martinez · first_building Barracks |
| 8:46 | danielsuhre · first_building Barracks |
| 9:15 | danielsuhre · age_up feudal |
| 9:57 | danielsuhre · first_building Archery Range |
| 10:38 | MoodyNabil · first_building Barracks |
| 11:04 | MoodyNabil · age_up feudal |
| 11:32 | Gelor91 · first_building Barracks |
| 11:50 | Patheris · age_up feudal |
| 12:00 | MoodyNabil · first_building Stable |
| 12:23 | fernandopereiro14 · age_up feudal |
| 12:42 | Kibng · first_building Barracks |
| 12:50 | MoodyNabil · first_building Archery Range |
| 13:24 | msuhre · age_up feudal |
| 13:33 | msuhre · wall_segment Stone Wall x2 |
| 13:50 | Gelor91 · age_up feudal |
| 15:37 | A."Maravilla" Martinez · age_up feudal |
| 15:58 | msuhre · first_building Stable |
| 16:57 | A."Maravilla" Martinez · first_building Archery Range |
| 17:19 | Kibng · age_up feudal |
| 17:31 | Patheris · first_building Barracks |
| 17:45 | Gelor91 · first_building Archery Range |
| 17:50 | Gelor91 · first_building Stable |
| 18:38 | Patheris · first_building Archery Range |
| 19:32 | msuhre · age_up castle |
| 19:53 | Patheris · first_building Stable |
| 20:25 | msuhre · first_market_buy 100 wood |
| 21:06 | fernandopereiro14 · wall_segment Stone Wall x1 |
| 21:39 | fernandopereiro14 · resign |
| 22:14 | Gelor91 · age_up castle |
| 22:34 | Gelor91 · first_building Castle |
| 22:40 | danielsuhre · wall_segment Stone Wall x4 |
[ AI ANALYSIS · 1 CREDIT ]
What really happened in this match?
Wolo.gg analyzes every decision: build order, eco, micro, common mistakes by bracket. Personalized analysis on WhatsApp or Discord in 30 seconds.
Civ guide
Cumans
Map guide
Arena
Perfil
Patheris